TOP OF THE 1ST |
Kalamazoo Royale with Cheese batting - Pitching for New Orleans Looters : RHP Edward Baker
|
Pitching: RHP Edward Baker
|
|
Batting: LHB Javier Espinoza
|
0-0: Called Strike 0-1: Foul Ball, location: 2F 0-2: Ball 1-2: Ball 2-2: Foul Ball, location: 2F 2-2: Strikes out looking
|
Batting: LHB Jacob Wright
|
0-0: Swinging Strike 0-1: Ball 1-1: Swinging Strike 1-2: Strikes out swinging
|
Batting: LHB Tom Blake
|
0-0: Ball 1-0: Swinging Strike 1-1: Fly out, F8 (Flyball, 8LXD)
|
Top of the 1st over - 0 run(s), 0 hit(s), 0 error(s), 0 left on base; Kalamazoo 0 - New Orleans 0 |
BOTTOM OF THE 1ST |
New Orleans Looters batting - Pitching for Kalamazoo Royale with Cheese : LHP Octávio Ramírez
|
Pitching: LHP Octávio Ramírez
|
|
Batting: LHB Francisco Vega
|
0-0: Ground out 1-3 (Groundball, 13S)
|
Batting: RHB Rubén Vázquez
|
0-0: Ball 1-0: Called Strike 1-1: Swinging Strike 1-2: Fly out, F9 (Flyball, 9LS)
|
Batting: RHB Stephen Shaw
|
0-0: Ball 1-0: Ball 2-0: Ball 3-0: Called Strike 3-1: Base on Balls
|
Batting: SHB Oliver Deleón
|
0-0: Called Strike 0-1: Foul Ball, location: 2F 0-2: SINGLE (Groundball, 6D) Stephen Shaw to second
|
Batting: LHB Seung-chun Mun
|
0-0: Foul Ball, location: 2F 0-1: Ball 1-1: SINGLE (Line Drive, 3D) Stephen Shaw to third Oliver Deleón to second
|
Batting: RHB Dave O'Loan
|
0-0: Foul Ball, location: 2F 0-1: Fielders Choice at 2nd, 4-6 (Groundball, 34)
|
Bottom of the 1st over - 0 run(s), 2 hit(s), 0 error(s), 2 left on base; Kalamazoo 0 - New Orleans 0 |
TOP OF THE 2ND |
Kalamazoo Royale with Cheese batting - Pitching for New Orleans Looters : RHP Edward Baker
|
Batting: LHB Donovan Bird
|
0-0: Ball 1-0: Fly out, F7 (Flyball, 7D)
|
Batting: LHB Roberto Sandoval
|
0-0: Foul Ball, location: 2F 0-1: Swinging Strike 0-2: Ball 1-2: Foul Ball, location: 2F 1-2: Strikes out swinging
|
Batting: RHB Tae-kwon Kwon
|
0-0: Ball 1-0: Foul Ball, location: 2F 1-1: SINGLE (Groundball, 4MD)
|
Batting: LHB Bill McJannett
|
0-0: Ball 1-0: Swinging Strike 1-1: Swinging Strike 1-2: Ball 2-2: Strikes out swinging
|
Top of the 2nd over - 0 run(s), 1 hit(s), 0 error(s), 1 left on base; Kalamazoo 0 - New Orleans 0 |
BOTTOM OF THE 2ND |
New Orleans Looters batting - Pitching for Kalamazoo Royale with Cheese : LHP Octávio Ramírez
|
Batting: LHB Miguel Colón
|
0-0: SINGLE (Line Drive, 8LS)
|
Batting: RHB Run-ming Zhu
|
0-0: Called Strike 0-1: Foul Ball, location: 2F 0-2: Hit by Pitch Miguel Colón to second
|
Batting: SHB Arturo Sánchez
|
0-0: Called Strike 0-1: Grounds into double play, 5-4-3 (Groundball, 56) Miguel Colón to third
|
Batting: LHB Francisco Vega
|
0-0: Ball 1-0: Called Strike 1-1: Ball 2-1: Foul Ball, location: 2F 2-2: Foul Ball, location: 2F 2-2: Strikes out swinging
|
Bottom of the 2nd over - 0 run(s), 1 hit(s), 0 error(s), 1 left on base; Kalamazoo 0 - New Orleans 0 |
TOP OF THE 3RD |
Kalamazoo Royale with Cheese batting - Pitching for New Orleans Looters : RHP Edward Baker
|
Batting: RHB Jorge Márquez
|
0-0: Called Strike 0-1: Ball 1-1: Ball 2-1: Called Strike 2-2: Ground out 5-3 (Groundball, 56S)
|
Batting: SHB Caden Keith
|
0-0: Ball 1-0: Fly out, F7 (Line Drive, 7)
|
Batting: LHB Javier Espinoza
|
0-0: Called Strike 0-1: Called Strike 0-2: Strikes out swinging
|
Top of the 3rd over - 0 run(s), 0 hit(s), 0 error(s), 0 left on base; Kalamazoo 0 - New Orleans 0 |
BOTTOM OF THE 3RD |
New Orleans Looters batting - Pitching for Kalamazoo Royale with Cheese : LHP Octávio Ramírez
|
Batting: RHB Rubén Vázquez
|
0-0: Foul Ball, location: 2F 0-1: Foul Ball, location: 2F 0-2: Ball 1-2: Reached on error, E5 (Groundball, 56)
|
Batting: RHB Stephen Shaw
|
0-0: Ball 1-0: Ball 2-0: Foul Ball, location: 2F 2-1: Foul Ball, location: 2F 2-2: Ground out 4-3 (Groundball, 4M) Rubén Vázquez to third
|
Batting: SHB Oliver Deleón
|
0-0: Called Strike 0-1: Ball 1-1: Called Strike 1-2: Ball 2-2: Ground out U3 (Groundball, 3L)
|
Batting: LHB Seung-chun Mun
|
0-0: Swinging Strike 0-1: Swinging Strike 0-2: Ball 1-2: Strikes out swinging
|
Bottom of the 3rd over - 0 run(s), 0 hit(s), 1 error(s), 1 left on base; Kalamazoo 0 - New Orleans 0 |
TOP OF THE 4TH |
Kalamazoo Royale with Cheese batting - Pitching for New Orleans Looters : RHP Edward Baker
|
Batting: LHB Jacob Wright
|
0-0: Called Strike 0-1: Foul Ball, location: 2F 0-2: Ball 1-2: Foul Ball, location: 2F 1-2: Strikes out swinging
|
Batting: LHB Tom Blake
|
0-0: Called Strike 0-1: Called Strike 0-2: Strikes out looking
|
Batting: LHB Donovan Bird
|
0-0: Ball 1-0: Foul Ball, location: 2F 1-1: Ball 2-1: Ball 3-1: Foul Ball, location: 2F 3-2: Ground out 4-3 (Groundball, 34)
|
Top of the 4th over - 0 run(s), 0 hit(s), 0 error(s), 0 left on base; Kalamazoo 0 - New Orleans 0 |
BOTTOM OF THE 4TH |
New Orleans Looters batting - Pitching for Kalamazoo Royale with Cheese : LHP Octávio Ramírez
|
Batting: RHB Dave O'Loan
|
0-0: Called Strike 0-1: Called Strike 0-2: Ball 1-2: Ball 2-2: Ground out 6-3 (Groundball, 6M)
|
Batting: LHB Miguel Colón
|
0-0: Called Strike 0-1: Ball 1-1: Ball 2-1: Swinging Strike 2-2: Ball 3-2: Foul Ball, location: 2F 3-2: Strikes out swinging, 2-3 out at first.
|
Batting: RHB Run-ming Zhu
|
0-0: Ball 1-0: Foul Ball, location: 2F 1-1: Fly out, F7 (Flyball, 7LSF)
|
Bottom of the 4th over - 0 run(s), 0 hit(s), 0 error(s), 0 left on base; Kalamazoo 0 - New Orleans 0 |
TOP OF THE 5TH |
Kalamazoo Royale with Cheese batting - Pitching for New Orleans Looters : RHP Edward Baker
|
Batting: LHB Roberto Sandoval
|
0-0: Called Strike 0-1: SINGLE (Line Drive, 9S)
|
Batting: RHB Tae-kwon Kwon
|
0-0: Ball 1-0: Called Strike 1-1: Foul Ball, location: 2F 1-2: Ball 2-2: Fly out, F7 (Flyball, 7)
|
Batting: LHB Bill McJannett
|
0-0: DOUBLE (Groundball, 3L) Roberto Sandoval to third Runner from 3rd tries for Home, SAFE, throw made at trailing runner, SAFE at third!
|
Batting: RHB Jorge Márquez
|
0-0: Ball 1-0: Ball 2-0: Called Strike 2-1: Called Strike 2-2: Strikes out looking
|
Batting: SHB Caden Keith
|
0-0: Foul Ball, location: 2F 0-1: Ball 1-1: Ball 2-1: Swinging Strike 2-2: Foul Ball, location: 2F 2-2: Foul Ball, location: 2F 2-2: Strikes out swinging
|
Top of the 5th over - 1 run(s), 2 hit(s), 0 error(s), 1 left on base; Kalamazoo 1 - New Orleans 0 |
BOTTOM OF THE 5TH |
New Orleans Looters batting - Pitching for Kalamazoo Royale with Cheese : LHP Octávio Ramírez
|
Batting: SHB Arturo Sánchez
|
0-0: Called Strike 0-1: Ball 1-1: Foul Ball, location: 2F 1-2: TRIPLE (Line Drive, 8LS)
|
Batting: LHB Francisco Vega
|
0-0: Swinging Strike 0-1: Swinging Strike 0-2: Foul Ball, location: 2F 0-2: Foul Ball, location: 2F 0-2: Foul Ball, location: 2F 0-2: Ball Passed Ball! Arturo Sánchez scores 1-2: SINGLE (Groundball, 3D)
|
Batting: RHB Rubén Vázquez
|
0-0: Ball 1-0: Swinging Strike 1-1: SINGLE (Groundball, 34D) Francisco Vega to second Runner from 2nd tries for 3rd, SAFE, no throw
|
Batting: RHB Stephen Shaw
|
0-0: Ball 1-0: Foul Ball, location: 2F 1-1: Ground out 4-3 (Groundball, 4) Rubén Vázquez to second
|
Batting: SHB Oliver Deleón
|
0-0: Intentional Walk
|
Batting: LHB Seung-chun Mun
|
0-0: Foul Ball, location: 2F 0-1: Swinging Strike 0-2: Foul Ball, location: 2F 0-2: Ball 1-2: Foul Ball, location: 2F 1-2: Ball 2-2: Ball 3-2: Base on Balls Francisco Vega scores Rubén Vázquez to third Oliver Deleón to second
|
Batting: RHB Dave O'Loan
|
0-0: Ball 1-0: Ball 2-0: Ball 3-0: Called Strike 3-1: Base on Balls Rubén Vázquez scores Oliver Deleón to third Seung-chun Mun to second
|
Batting: LHB Miguel Colón
|
0-0: Called Strike 0-1: Swinging Strike 0-2: Fly out, F8 (Line Drive, 8RS) Runner from 3rd tags up, SCORES, no throw
|
Batting: RHB Run-ming Zhu
|
0-0: Ball 1-0: Foul Ball, location: 2F 1-1: Foul Ball, location: 2F 1-2: Ball 2-2: Ball 3-2: Foul Ball, location: 2F 3-2: DOUBLE (Flyball, 9LM) Seung-chun Mun scores Dave O'Loan to third Dave O'Loan scores
|
Pitching: LHP Terry Klassen
|
|
Batting: SHB Arturo Sánchez
|
0-0: Called Strike 0-1: Fly out, F5 (Line Drive, 5F)
|
Bottom of the 5th over - 6 run(s), 4 hit(s), 0 error(s), 1 left on base; Kalamazoo 1 - New Orleans 6 |
TOP OF THE 6TH |
Kalamazoo Royale with Cheese batting - Pitching for New Orleans Looters : RHP Edward Baker
|
Batting: LHB Javier Espinoza
|
0-0: Ball 1-0: Called Strike 1-1: Called Strike 1-2: TRIPLE (Line Drive, 9LS)
|
Batting: LHB Jacob Wright
|
0-0: Foul Ball, location: 2F 0-1: Ball 1-1: Ball 2-1: Foul Ball, location: 2F 2-2: Fly out, F8 (Flyball, 8LS) Runner from 3rd tags up, SCORES, no throw
|
Batting: LHB Tom Blake
|
0-0: Called Strike 0-1: Foul Ball, location: 2F 0-2: Strikes out swinging
|
Batting: LHB Donovan Bird
|
0-0: SINGLE (Line Drive, 4)
|
Batting: LHB Roberto Sandoval
|
0-0: Foul Ball, location: 2F 0-1: Ball 1-1: Ball 2-1: Ball 3-1: Fly out, F8 (Flyball, 8LM)
|
Top of the 6th over - 1 run(s), 2 hit(s), 0 error(s), 1 left on base; Kalamazoo 2 - New Orleans 6 |
BOTTOM OF THE 6TH |
New Orleans Looters batting - Pitching for Kalamazoo Royale with Cheese : LHP Terry Klassen
|
Batting: LHB Francisco Vega
|
0-0: Ball 1-0: Ball 2-0: Foul Ball, location: 2F 2-1: Fly out, F8 (Flyball, 8LS)
|
Batting: RHB Rubén Vázquez
|
0-0: Ball 1-0: Swinging Strike 1-1: Called Strike 1-2: Ball 2-2: Foul Ball, location: 2F 2-2: Ground out 6-3 (Groundball, 6)
|
Batting: RHB Stephen Shaw
|
0-0: Ball 1-0: Ball 2-0: Called Strike 2-1: Ball 3-1: Base on Balls
|
Batting: SHB Oliver Deleón
|
0-0: Swinging Strike 0-1: Called Strike 0-2: Ball 1-2: Ball 2-2: SINGLE (Line Drive, 9S) Stephen Shaw to second Runner from 2nd tries for 3rd, SAFE, throw made to third
|
Batting: LHB Seung-chun Mun
|
0-0: Foul Ball, location: 2F 0-1: Ground out U3 (Groundball, 3L)
|
Bottom of the 6th over - 0 run(s), 1 hit(s), 0 error(s), 2 left on base; Kalamazoo 2 - New Orleans 6 |
TOP OF THE 7TH |
Kalamazoo Royale with Cheese batting - Pitching for New Orleans Looters : RHP Edward Baker
|
Batting: RHB Tae-kwon Kwon
|
0-0: Foul Ball, location: 2F 0-1: Swinging Strike 0-2: Foul Ball, location: 2F 0-2: Foul Ball, location: 2F 0-2: Fly out, F8 (Flyball, 8LM)
|
Batting: LHB Bill McJannett
|
0-0: Ball 1-0: Ball 2-0: Ball 3-0: Called Strike 3-1: Foul Ball, location: 2F 3-2: Foul Ball, location: 2F 3-2: Foul Ball, location: 2F 3-2: Strikes out swinging
|
Batting: RHB Jorge Márquez
|
0-0: Ball 1-0: Foul Ball, location: 2F 1-1: Fly out, F4 (Popup, 4D)
|
Top of the 7th over - 0 run(s), 0 hit(s), 0 error(s), 0 left on base; Kalamazoo 2 - New Orleans 6 |
BOTTOM OF THE 7TH |
New Orleans Looters batting - Pitching for Kalamazoo Royale with Cheese : LHP Terry Klassen
|
Batting: RHB Dave O'Loan
|
0-0: Ball 1-0: SINGLE (Groundball, 56D)
|
Batting: LHB Miguel Colón
|
0-0: Bunted foul 0-1: Bunted foul 0-2: Ball 1-2: SINGLE (Groundball, 5S) (infield hit) Dave O'Loan to second
|
Batting: RHB Run-ming Zhu
|
0-0: Sac Bunt - play at first, batter OUT! 1-3 Dave O'Loan to third Miguel Colón to second
|
Batting: SHB Arturo Sánchez
|
0-0: Ball 1-0: Foul Ball, location: 2F 1-1: Ball 2-1: Swinging Strike 2-2: Ball 3-2: Foul Ball, location: 2F 3-2: Base on Balls
|
Batting: LHB Francisco Vega
|
0-0: Fly out, F7 (Flyball, 7S)
|
Batting: RHB Rubén Vázquez
|
0-0: Ball 1-0: Foul Ball, location: 2F 1-1: Foul Ball, location: 2F 1-2: Strikes out looking
|
Bottom of the 7th over - 0 run(s), 2 hit(s), 0 error(s), 3 left on base; Kalamazoo 2 - New Orleans 6 |
TOP OF THE 8TH |
Kalamazoo Royale with Cheese batting - Pitching for New Orleans Looters : RHP Edward Baker
|
Batting: SHB Caden Keith
|
0-0: Foul Ball, location: 2F 0-1: Ground out 6-3 (Groundball, 6M)
|
Batting: LHB Javier Espinoza
|
0-0: Called Strike 0-1: Ball 1-1: Swinging Strike 1-2: Foul Ball, location: 2F 1-2: Strikes out swinging
|
Batting: LHB Jacob Wright
|
0-0: Called Strike 0-1: Called Strike 0-2: Strikes out swinging
|
Top of the 8th over - 0 run(s), 0 hit(s), 0 error(s), 0 left on base; Kalamazoo 2 - New Orleans 6 |
BOTTOM OF THE 8TH |
New Orleans Looters batting - Pitching for Kalamazoo Royale with Cheese : LHP Terry Klassen
|
Batting: RHB Stephen Shaw
|
0-0: Swinging Strike 0-1: Foul Ball, location: 2F 0-2: Foul Ball, location: 2F 0-2: Ball 1-2: Foul Ball, location: 2F 1-2: Ball 2-2: Foul Ball, location: 2F 2-2: Fly out, F7 (Flyball, 78D)
|
Pitching: RHP Enrique Aguilera
|
|
Batting: SHB Oliver Deleón
|
0-0: Fly out, F7 (Flyball, 7S)
|
Batting: LHB Seung-chun Mun
|
0-0: Called Strike 0-1: Ball 1-1: Ball 2-1: Foul Ball, location: 2F 2-2: Foul Ball, location: 2F 2-2: Foul Ball, location: 2F 2-2: Fly out, F9 (Flyball, 9LMF)
|
Bottom of the 8th over - 0 run(s), 0 hit(s), 0 error(s), 0 left on base; Kalamazoo 2 - New Orleans 6 |
TOP OF THE 9TH |
Kalamazoo Royale with Cheese batting - Pitching for New Orleans Looters : RHP Edward Baker
|
Pitching: LHP Santiago Valentín
|
|
Batting: LHB Tom Blake
|
0-0: Foul Ball, location: 2F 0-1: Foul Ball, location: 2F 0-2: Strikes out swinging
|
Batting: LHB Donovan Bird
|
0-0: Ball 1-0: Ball 2-0: Called Strike 2-1: Ball 3-1: Called Strike 3-2: Foul Ball, location: 2F 3-2: Ground out 4-3 (Groundball, 34)
|
Batting: LHB Roberto Sandoval
|
0-0: Swinging Strike 0-1: Ball 1-1: Ground out 1-3 (Groundball, 13)
|
Top of the 9th over - 0 run(s), 0 hit(s), 0 error(s), 0 left on base; Kalamazoo 2 - New Orleans 6 |
|